Map: Orbital Shipyard

Players

Florencio - Winner!

  • Race: Protoss Protoss
  • League: Bronze

Lowerus

  • Race: Terran Terran
  • League: Silver

VOD

Have the link to the VOD?

Description

My PVT Build

Time

  • Played on: March 6, 2016, 12:57 p.m.
  • Length: 15:42
Show
View Real Time Build Order
Export as new Build Order

Florencio Protoss - Winner!

Build Orders: 1 Gate Expand, Oracle Opening 

Get SALT Encoding   

  12  0:03  Probe (Chrono Boost)  
  13  0:13  Probe (Chrono Boost)  
  14  0:24  Pylon, Probe (Chrono Boost)  
  15  0:42  Probe (Chrono Boost)  
  16  0:45  Gateway  
  16  0:53  Assimilator, Probe (Chrono Boost)  
  17  0:57  Assimilator  
  17  1:03  Probe (Chrono Boost)  
  18  1:14  Probe (Chrono Boost)  
  19  1:24  Probe (Chrono Boost)  
  20  1:34  Nexus  
  20  1:35  Probe (Chrono Boost)  
  21  1:47  Cybernetics Core  
  21  1:50  Probe (Chrono Boost)  
  22  1:58  Pylon  
  22  2:06  Probe (Chrono Boost)  
  23  2:22  Assimilator  
  23  2:24  Stalker  
  23  2:26  Mothership Core (Chrono Boost)  
  27  2:34  Stargate  
  27  2:45  Probe (Chrono Boost)  
  28  2:54  Stalker  
  28  2:55  Probe (Chrono Boost)  
  31  3:01  Probe (Chrono Boost)  
  32  3:06  Probe (Chrono Boost)  
  32  3:12  Probe (Chrono Boost)  
  34  3:16  Probe (Chrono Boost)  
  34  3:18  Oracle  
  38  3:22  Probe (Chrono Boost)  
  40  3:27  Probe (Chrono Boost)  
  40  3:33  Probe (Chrono Boost)  
  41  3:37  Forge, Probe (Chrono Boost)  
  42  3:43  Probe (Chrono Boost)  
  42  3:48  Probe (Chrono Boost)  
  44  3:54  Probe (Chrono Boost)  
  45  4:02  Nexus  
  45  4:09  Probe (Chrono Boost)  
  46  4:12  Pylon  
  46  4:31  Probe (Chrono Boost)  
  47  4:47  Probe x2 (Chrono Boost)  
  49  4:58  Probe x2 (Chrono Boost)  
  49  5:08  Probe x2 (Chrono Boost)  
  51  5:16  Probe (Chrono Boost)  
  51  5:19  Photon Cannon, Probe (Chrono Boost)  
  51  5:20  Photon Cannon  
  53  5:23  Pylon, Photon Cannon  
  53  5:24  Probe (Chrono Boost)  
  53  5:27  Assimilator, Probe (Chrono Boost)  
  55  5:29  Probe (Chrono Boost)  
  55  5:32  Assimilator  
  55  5:35  Assimilator, Probe (Chrono Boost)  
  57  5:37  Probe (Chrono Boost)  
  57  5:40  Probe (Chrono Boost)  
  57  5:41  Pylon  
  59  5:44  Pylon  
  59  5:45  Pylon, Probe (Chrono Boost)  
  59  5:47  Pylon  
  59  5:48  Pylon, Probe (Chrono Boost)  
  61  5:50  Probe (Chrono Boost)  
  61  5:51  Pylon  
  62  6:06  Stargate  
  62  6:09  Stalker, Stargate  
  62  6:10  Stargate  
  64  6:11  Pylon x2  
  64  6:12  Pylon  
  64  6:23  Pylon  
  64  6:24  Stargate  
  61  6:39  Stalker, Fleet Beacon  
  63  6:45  Void Ray  
  67  6:49  Void Ray  
  67  6:52  Probe (Chrono Boost)  
  72  6:57  Photon Cannon  
  72  6:59  Photon Cannon  
  72  7:09  Stalker  
  72  7:13  Photon Cannon  
  72  7:14  Pylon  
  74  7:16  Pylon, Photon Cannon  
  74  7:19  Photon Cannon  
  74  7:23  Pylon  
  74  7:24  Pylon, Graviton Catapult  
  74  7:25  Pylon, Carrier x2  
  80  7:54  Probe x3 (Chrono Boost)  
  83  8:03  Photon Cannon  
  83  8:05  Probe x3 (Chrono Boost)  
  86  8:07  Photon Cannon  
  86  8:11  Photon Cannon, Carrier x2  
  98  8:16  Carrier  
  104  8:38  Protoss Air Weapons Level 1  
  104  8:42  Cybernetics Core  
  104  8:43  Protoss Shields Level 1  
  104  8:48  Pylon  
  104  9:04  Nexus  
  104  9:06  Pylon  
  104  9:08  Pylon  
  104  9:40  Carrier x2  
  116  9:59  Assimilator  
  116  10:04  Assimilator  
  116  10:08  Photon Cannon  
  116  10:09  Carrier x2  
  116  10:12  Photon Cannon  
  128  10:14  Photon Cannon  
  128  10:15  Photon Cannon  
  126  10:34  Carrier  
  122  10:46  Protoss Air Weapons Level 2  
  120  11:24  Carrier  
  126  11:38  Probe (Chrono Boost)  
  127  11:41  Probe x2 (Chrono Boost)  
  129  11:49  Probe (Chrono Boost)  
  134  12:23  Carrier x2  
  142  12:30  Carrier  
  148  13:19  Probe (Chrono Boost)  
  149  13:29  Probe (Chrono Boost)  
  150  13:46  Probe (Chrono Boost)  
  151  13:52  Carrier x3  
  169  13:57  Nexus, Probe (Chrono Boost)  
  169  13:58  Pylon  
  169  14:00  Pylon  
  170  14:07  Carrier  
  170  14:08  Carrier  
  182  15:13  Probe (Chrono Boost)  
  189  15:23  Probe (Chrono Boost)  
  190  15:39  Assimilator  
Show
View Real Time Build Order
Export as new Build Order

Lowerus Terran 

Build Orders:  

Get SALT Encoding   

  12  0:01  SCV  
  13  0:13  SCV  
  14  0:18  Supply Depot  
  14  0:26  SCV  
  14  0:28  Refinery  
  15  0:41  Barracks  
  15  0:45  SCV  
  16  1:00  SCV  
  17  1:12  SCV  
  18  1:24  SCV  
  19  1:31  Supply Depot  
  19  1:35  Barracks Reactor  
  19  1:39  Orbital Command  
  19  1:53  Command Center  
  19  2:11  SCV  
  20  2:18  Factory, Refinery  
  20  2:24  SCV  
  20  2:27  Marine x2  
  23  2:36  SCV  
  24  2:41  Supply Depot  
  24  2:48  SCV  
  24  3:00  SCV  
  25  3:05  Orbital Command  
  25  3:07  Refinery  
  25  3:08  Marine x2  
  25  3:11  Factory Reactor, Starport  
  27  3:19  SCV  
  28  3:26  Marine x2  
  30  3:33  Barracks  
  30  3:39  SCV x2  
  32  3:51  SCV x2  
  34  4:00  Supply Depot  
  34  4:01  Factory Tech Lab  
  34  4:03  SCV  
  34  4:04  SCV  
  34  4:08  Engineering Bay  
  36  4:15  Marine  
  38  4:22  Barracks Tech Lab  
  36  4:31  Marine  
  36  4:42  Marauder  
  36  4:48  Bunker  
  36  4:49  Marine  
  37  4:57  Liberator x2  
  35  5:07  Marine  
  35  5:19  Terran Infantry Weapons Level 1, Missile Turret  
  42  5:29  SCV x2  
  42  5:30  Missile Turret  
  42  5:35  Marauder  
  46  5:40  Barracks Reactor  
  45  5:51  Supply Depot  
  45  5:53  SCV  
  45  5:54  Supply Depot  
  46  6:11  Liberator  
  46  6:12  Liberator  
  46  6:13  Siege Tank, SCV, Marauder  
  46  6:14  Supply Depot  
  52  6:23  Missile Turret  
  53  6:40  Supply Depot  
  53  6:41  Missile Turret  
  53  6:43  Marauder, Marine x2  
  57  6:48  Barracks  
  57  7:01  Marine x2  
  59  7:02  SCV x2, Armory  
  61  7:09  Refinery  
  61  7:13  Marine  
  61  7:14  Terran Infantry Armor Level 1, SCV x2  
  64  7:35  Marine x2  
  64  7:36  Marine  
  65  7:39  Barracks Reactor  
  61  7:44  Barracks  
  61  7:51  Viking x2  
  65  7:55  SCV x2  
  67  8:04  Terran Vehicle Weapons Level 1  
  67  8:06  Marine x2  
  67  8:07  SCV x2, Marauder  
  73  8:23  SCV x2  
  73  8:26  Engineering Bay  
  75  8:31  Supply Depot  
  75  8:35  SCV x2  
  75  8:36  Marine, Missile Turret  
  78  8:41  Supply Depot  
  78  8:43  Supply Depot, Marauder, Marine x3  
  78  8:46  Barracks Tech Lab  
  83  8:50  Factory  
  83  8:54  Marine  
  84  8:59  Supply Depot  
  84  9:00  Marine x2  
  86  9:02  Terran Infantry Weapons Level 2  
  86  9:05  Marauder  
  86  9:09  SCV x2  
  86  9:27  Command Center  
  86  9:29  Siege Tank  
  88  9:44  Marine x5  
  94  9:55  Viking x2  
  98  10:01  Supply Depot, Marine  
  98  10:02  Marine x4  
  98  10:03  Terran Infantry Armor Level 2  
  98  10:05  Missile Turret  
  98  10:06  Terran Vehicle And Ship Armor Level 1  
  102  10:07  Supply Depot  
  102  10:08  Siege Tank  
  102  10:11  Factory Tech Lab  
  105  10:19  Marine x2  
  105  10:20  Marine  
  108  10:40  Viking x2  
  111  10:43  Barracks Reactor  
  111  10:44  Barracks Tech Lab  
  111  10:46  Combat Shields  
  111  10:52  Supply Depot  
  111  10:55  Supply Depot  
  111  10:57  SCV x2  
  113  11:09  SCV x2  
  115  11:14  Thor  
  115  11:17  Starport  
  121  11:30  Viking  
  121  11:31  Viking  
  121  11:32  Refinery  
  125  11:40  Refinery  
  125  11:41  SCV x2  
  125  11:42  Armory  
  125  11:44  Orbital Command  
  112  12:15  Viking x2  
  108  12:20  Thor x2  
  100  12:48  Marine  
  100  12:49  Marine x5  
  105  12:56  Viking  
  99  12:58  Viking  
  79  13:06  Marine x2  
  79  13:07  Marine x4  
  56  13:24  Marine  
  56  13:25  Marine x5  
  56  13:26  Viking  
  54  13:41  Orbital Command  
  54  13:42  Marine  
  54  13:43  Marine x5  
  60  13:48  Viking  
  62  13:56  Viking  
  64  14:20  Marine  
  64  14:21  Marine x5  
  70  14:38  Marine x3  
  70  14:39  SCV, Marine x3  
  70  14:40  SCV  
  78  14:51  SCV  
  78  14:52  SCV  
  80  14:56  Marine x3  
Tags
 
Add a new tag
Caveats
  • Supply blocks, unpowered buildings, or Contaminate may cause inaccurate times.
  • Supply counts are checked every 10 seconds.